Map: Paisaje nocturno EJ

Players

Chawen

  • Race: Protoss Protoss
  • Spawn Location: 1:00

Alkón

  • Race: Zerg Zerg
  • League: Silver
  • Spawn Location: 1:00

AksaKal - Winner!

  • Race: Zerg Zerg
  • League: Silver
  • Spawn Location: 7:00

Cozzeca - Winner!

  • Race: Protoss Protoss
  • League: Silver
  • Spawn Location: 7:00

VOD

Have the link to the VOD?

Description

Time

  • Played on: Sept. 16, 2022, 1:51 p.m.
  • Length: 17:24
Show
View Real Time Build Order
Export as new Build Order

Chawen Protoss 

Build Orders: Nexus First, Carriers 

Get SALT Encoding   

  12  0:01  Probe (Chrono Boost)  
  13  0:54  Pylon  
  13  0:55  Nexus  
  13  0:56  Probe  
  14  1:05  Assimilator  
  14  1:08  Probe  
  14  1:10  Pylon  
  15  1:27  Assimilator  
  15  1:30  Gateway  
  15  1:36  Probe (Chrono Boost)  
  16  1:44  Probe (Chrono Boost)  
  17  1:48  Forge  
  17  1:52  Probe  
  18  2:07  Probe  
  19  2:19  Probe  
  20  2:24  Photon Cannon  
  20  2:31  Pylon  
  20  2:32  Probe  
  21  2:40  Probe  
  21  2:44  Probe  
  23  2:47  Cybernetics Core  
  23  2:56  Probe  
  23  2:57  Pylon  
  24  3:01  Photon Cannon  
  24  3:11  Probe (Chrono Boost)  
  25  3:15  Probe (Chrono Boost)  
  26  3:21  Assimilator  
  26  3:24  Probe (Chrono Boost)  
  26  3:25  Pylon  
  27  3:27  Warp Gate  
  27  3:32  Probe (Chrono Boost)  
  28  3:44  Probe (Chrono Boost)  
  29  3:53  Probe (Chrono Boost)  
  29  3:54  Probe (Chrono Boost)  
  31  3:58  Probe  
  32  4:03  Probe  
  32  4:04  Gateway  
  32  4:06  Twilight Council  
  33  4:12  Photon Cannon, Probe (Chrono Boost)  
  33  4:15  Probe (Chrono Boost)  
  33  4:16  Pylon  
  36  4:25  Probe (Chrono Boost)  
  36  4:26  Probe (Chrono Boost)  
  37  4:33  Probe (Chrono Boost)  
  37  4:34  Probe (Chrono Boost), Assimilator  
  39  4:38  Probe (Chrono Boost)  
  39  4:39  Pylon  
  40  4:49  Dark Shrine, Probe  
  40  4:51  Pylon  
  41  4:59  Stalker x2  
  45  5:01  Probe  
  46  5:08  Robotics Facility  
  46  5:19  Gateway  
  46  5:27  Probe (Chrono Boost)  
  47  5:28  Photon Cannon  
  47  5:29  Stalker x2  
  52  5:35  Probe (Chrono Boost)  
  52  5:49  Gateway  
  52  5:50  Pylon  
  52  5:53  Gateway  
  52  5:55  Pylon  
  52  6:03  Photon Cannon  
  52  6:06  Warp Prism  
  54  6:43  Observer (Chrono Boost)  
  46  7:17  Dark Templar x2  
  46  7:18  Dark Templar x2  
  41  7:33  Dark Templar x2  
  42  7:40  Probe  
  41  7:51  Observer  
  42  7:52  Probe  
  42  7:54  Stalker x2  
  42  7:55  Stalker  
  49  8:04  Probe  
  50  8:12  Observer  
  51  8:16  Probe  
  52  8:22  Pylon  
  52  8:27  Pylon  
  52  8:28  Probe  
  52  8:29  Pylon  
  52  8:33  Pylon  
  52  8:34  Stalker x2  
  55  8:35  Stalker  
  55  8:36  Stalker x2  
  55  8:40  Probe  
  64  8:49  Stargate  
  64  8:51  Photon Cannon  
  64  8:52  Probe  
  64  8:53  Photon Cannon  
  64  8:55  Photon Cannon  
  65  8:57  Photon Cannon  
  65  9:00  Shield Battery  
  65  9:02  Shield Battery  
  65  9:05  Probe  
  65  9:06  Pylon  
  65  9:09  Pylon  
  66  9:12  Photon Cannon  
  66  9:14  Photon Cannon  
  67  9:17  Pylon, Probe  
  67  9:20  Shield Battery  
  67  9:25  Photon Cannon  
  67  9:29  Probe (Chrono Boost)  
  68  9:33  Photon Cannon  
  69  9:38  Probe (Chrono Boost)  
  69  9:43  Probe (Chrono Boost)  
  70  9:54  Stargate  
  70  9:55  Probe  
  70  9:58  Fleet Beacon  
  69  10:07  Probe (Chrono Boost)  
  70  10:19  Probe (Chrono Boost)  
  71  10:25  Stargate  
  72  10:28  Probe (Chrono Boost)  
  72  10:34  Probe  
  72  10:35  Stalker x3  
  76  10:36  Stalker x2  
  83  10:46  Probe  
  66  11:53  Nexus  
  66  12:03  Carrier x3  
  66  12:07  Stalker x2  
  88  12:08  Stalker  
  88  12:09  Stalker x2  
  88  12:15  Assimilator  
  94  12:19  Assimilator  
  94  12:22  Pylon  
  94  12:26  Pylon  
  94  12:28  Pylon  
  94  12:42  Stargate  
  94  12:46  Pylon  
  90  13:25  Probe  
  91  13:32  Carrier  
  97  13:35  Carrier  
  97  13:37  Probe  
  104  13:49  Probe  
  105  14:01  Probe  
  106  14:13  Probe  
  106  14:16  Carrier  
  113  14:44  Stargate  
  101  15:14  Phoenix x3  
  101  15:20  Phoenix  
Show
View Real Time Build Order
Export as new Build Order

Alkón Zerg 

Build Orders: Hatch First, Lurkers 

Get SALT Encoding   

  12  0:02  Drone  
  13  0:10  Drone  
  14  0:23  Overlord  
  14  0:42  Drone x3  
  17  0:55  Drone  
  18  1:04  Hatchery  
  18  1:05  Drone  
  18  1:12  Extractor  
  18  1:16  Drone  
  18  1:25  Spawning Pool, Drone  
  18  1:36  Drone  
  19  1:48  Overlord  
  19  2:12  Queen  
  21  2:16  Queen  
  21  2:20  Zergling x6  
  26  2:27  Zergling x4  
  28  2:30  Metabolic Boost  
  28  2:32  Drone  
  29  3:19  Drone x3  
  32  3:21  Roach Warren  
  32  3:22  Drone x2  
  28  3:49  Spine Crawler  
  28  3:51  Spore Crawler  
  28  3:53  Zergling x8  
  30  3:57  Zergling x8  
  30  3:58  Zergling x2  
  35  4:03  Spine Crawler  
  35  4:07  Extractor  
  35  4:08  Drone  
  31  4:41  Lair  
  25  4:48  Evolution Chamber  
  24  5:02  Drone x3  
  24  5:05  Overlord x3  
  27  5:12  Drone x3  
  30  5:18  Zerg Missile Weapons Level 1  
  30  5:21  Drone  
  31  5:28  Drone  
  31  5:29  Drone  
  31  5:31  Drone  
  34  5:37  Drone x3  
  37  5:56  Hydralisk Den  
  36  5:59  Infestation Pit  
  36  6:01  Extractor  
  36  6:02  Glial Reconstitution  
  34  6:05  Burrow  
  34  6:36  Hatchery  
  33  6:41  Extractor  
  31  7:01  Roach x6  
  39  7:02  Roach x5  
  39  7:06  Overseer  
  53  7:20  Tunneling Claws  
  53  7:21  Overlord x3  
  53  7:22  Overlord  
  53  7:44  Drone x3  
  56  7:51  Lurker Den  
  55  8:18  Hydralisk x3  
  61  8:26  Hydralisk x5  
  67  8:30  Drone  
  72  9:10  Hive  
  72  9:18  Extractor  
  72  9:24  Drone x3  
  74  9:33  Hydralisk x5  
  74  9:36  Overlord  
  84  9:49  Hatchery  
  84  9:50  Roach x11, Extractor  
  82  9:52  Extractor  
  81  10:12  Roach x11  
  81  10:15  Zerg Missile Weapons Level 2  
  81  10:27  Roach x8  
  59  10:55  Lurker x6  
  65  11:02  Queen  
  67  11:13  Drone x2  
  69  12:02  Drone  
  69  12:04  Drone  
  69  12:05  Drone  
  72  12:12  Drone  
  72  12:15  Hydralisk x7  
  77  12:16  Hydralisk x2  
  77  12:21  Roach  
  77  12:22  Roach x2  
  97  12:24  Overlord x5  
  97  12:37  Seismic Spines  
  97  12:55  Hydralisk x3  
  97  12:56  Hydralisk x2  
  101  13:22  Queen  
  101  13:23  Hydralisk x18  
  98  13:34  Adaptive Talons, Hydralisk x14  
  81  14:37  Drone x4  
  85  14:42  Drone  
  85  14:51  Drone  
  75  15:24  Spire  
  36  16:37  Corruptor  
Show
View Real Time Build Order
Export as new Build Order

AksaKal Zerg - Winner!

Build Orders: Hatch First 

Get SALT Encoding   

  12  0:00  Drone  
  13  0:08  Drone  
  14  0:16  Overlord  
  14  0:42  Hatchery  
  13  0:47  Drone  
  14  1:02  Spawning Pool  
  13  1:05  Drone  
  13  1:11  Extractor, Drone  
  13  1:18  Extractor, Drone  
  13  1:22  Drone  
  15  1:29  Drone  
  16  1:38  Drone  
  17  1:48  Drone  
  18  1:55  Zergling x2  
  18  2:00  Metabolic Boost  
  19  2:02  Zergling x2  
  19  2:05  Zergling x2  
  21  2:10  Zergling x2  
  22  2:24  Drone x2  
  24  2:34  Overlord  
  24  2:36  Drone  
  25  2:38  Zergling x2  
  25  2:44  Lair  
  26  2:47  Drone  
  26  2:49  Drone  
  26  3:07  Drone x3  
  26  3:09  Queen  
  31  3:14  Drone  
  31  3:15  Drone  
  33  3:22  Zergling x2  
  34  3:28  Evolution Chamber  
  34  3:30  Zergling x2  
  33  3:50  Drone x2  
  35  4:00  Overlord  
  35  4:01  Overlord  
  35  4:11  Hydralisk Den  
  35  4:14  Spine Crawler  
  33  4:22  Drone x3  
  33  4:23  Drone x2  
  38  4:26  Spore Crawler  
  37  4:49  Hydralisk x5  
  47  4:53  Grooved Spines  
  47  4:55  Zerg Missile Weapons Level 1  
  47  4:58  Overlord  
  47  5:01  Overlord  
  47  5:07  Extractor  
  46  5:18  Hatchery  
  45  5:22  Hydralisk x2  
  49  5:28  Hydralisk  
  51  5:47  Spire  
  50  5:54  Spore Crawler  
  50  5:55  Hydralisk x2  
  50  5:56  Hydralisk  
  55  5:58  Drone  
  55  6:03  Overlord  
  56  6:07  Drone  
  57  6:12  Muscular Augments  
  57  6:14  Drone  
  57  6:18  Drone  
  59  6:41  Drone x6  
  59  6:42  Drone  
  66  6:50  Zerg Missile Weapons Level 2  
  65  7:06  Hydralisk x2  
  65  7:26  Hydralisk  
  65  7:27  Hydralisk  
  65  7:29  Drone x6  
  69  7:30  Drone  
  60  7:39  Hydralisk  
  62  7:45  Extractor  
  62  7:49  Extractor, Drone x2  
  62  7:58  Hydralisk x3  
  68  8:12  Extractor  
  67  8:17  Drone x3  
  70  8:25  Spine Crawler  
  69  8:28  Spore Crawler  
  69  8:30  Hydralisk x4  
  76  8:47  Hatchery  
  75  8:48  Hydralisk  
  75  8:49  Hydralisk x2  
  75  8:51  Overlord  
  75  8:52  Overlord x4  
  81  8:59  Overseer  
  81  9:01  Pneumatized Carapace  
  81  9:06  Zerg Ground Armor Level 1  
  81  9:07  Infestation Pit  
  80  9:24  Spire  
  79  9:26  Drone x3  
  79  9:29  Drone x3  
  79  9:30  Overlord, Drone  
  79  9:31  Overlord  
  86  9:40  Hydralisk x2  
  88  10:14  Hydralisk x5  
  88  10:15  Hydralisk  
  100  10:28  Spine Crawler  
  99  10:30  Hydralisk x6  
  99  10:31  Hydralisk  
  109  10:40  Mutalisk  
  105  11:05  Hatchery  
  105  11:06  Overseer x2, Spine Crawler  
  93  11:54  Hydralisk x4  
  93  11:55  Hydralisk x4  
  93  11:57  Mutalisk  
  111  12:06  Overlord x2  
  111  12:07  Overlord  
  111  12:18  Drone x4  
  115  12:31  Spore Crawler  
  115  12:35  Drone x4  
  118  12:39  Overlord x2  
  118  12:41  Mutalisk  
  118  12:42  Mutalisk  
  122  12:48  Mutalisk  
  122  12:49  Mutalisk x2  
  126  13:22  Overlord  
  126  13:23  Overlord x4  
  126  13:24  Mutalisk x3  
  126  13:25  Mutalisk x4  
  140  13:31  Overseer  
  140  13:34  Overseer x2  
  140  14:03  Hive  
  140  14:19  Mutalisk x2  
  140  14:20  Mutalisk x2  
  140  14:23  Zergling x4  
  140  14:24  Zergling x12  
  152  14:27  Zerg Melee Weapons Level 1  
  156  14:42  Spine Crawler  
  156  14:45  Spore Crawler  
  154  15:01  Baneling Nest  
  154  15:04  Zergling x4  
  154  15:05  Zergling x2, Overlord x4  
  154  15:07  Zergling x6, Overlord x2  
  159  15:18  Mutalisk x3  
  165  15:35  Greater Spire  
  93  16:34  Hydralisk x4  
  93  16:35  Hydralisk x7  
  93  16:36  Hydralisk  
Show
View Real Time Build Order
Export as new Build Order

Cozzeca Protoss - Winner!

Build Orders: Forge Fast Expand (FFE) 

Get SALT Encoding   

  12  0:00  Probe (Chrono Boost)  
  13  0:10  Probe (Chrono Boost)  
  14  0:15  Probe (Chrono Boost)  
  15  0:25  Pylon  
  15  0:36  Pylon  
  15  0:43  Probe  
  16  0:52  Forge  
  16  0:55  Probe  
  17  1:02  Gateway  
  17  1:16  Probe  
  18  1:31  Nexus  
  18  1:49  Pylon  
  18  2:06  Cybernetics Core  
  18  2:11  Pylon  
  18  2:16  Gateway  
  18  2:20  Probe (Chrono Boost)  
  20  2:30  Probe (Chrono Boost)  
  20  2:32  Assimilator  
  20  2:36  Assimilator  
  21  2:37  Probe (Chrono Boost)  
  21  2:44  Probe (Chrono Boost)  
  22  2:48  Probe (Chrono Boost)  
  23  2:54  Probe (Chrono Boost)  
  24  2:59  Probe (Chrono Boost)  
  24  3:02  Probe  
  26  3:09  Warp Gate (Chrono Boost)  
  26  3:10  Probe  
  27  3:14  Probe  
  28  3:22  Probe  
  28  3:24  Photon Cannon  
  29  3:34  Photon Cannon, Probe  
  29  3:39  Zealot x2  
  34  3:42  Photon Cannon  
  34  3:46  Probe  
  35  3:50  Photon Cannon  
  35  3:59  Shield Battery  
  35  4:01  Shield Battery  
  35  4:03  Probe (Chrono Boost)  
  36  4:13  Probe (Chrono Boost)  
  37  4:18  Probe (Chrono Boost)  
  37  4:22  Twilight Council  
  38  4:30  Probe  
  39  4:33  Pylon  
  39  4:36  Pylon  
  39  4:40  Assimilator  
  39  4:42  Probe  
  39  4:44  Assimilator  
  40  4:53  Photon Cannon  
  40  4:54  Probe  
  40  4:56  Shield Battery  
  40  4:57  Shield Battery  
  41  5:06  Probe  
  42  5:08  Dark Shrine  
  42  5:11  Photon Cannon  
  42  5:16  Photon Cannon  
  42  5:18  Probe  
  43  5:30  Gateway  
  43  5:31  Gateway  
  43  5:36  Probe (Chrono Boost)  
  44  5:43  Stargate  
  44  5:46  Probe (Chrono Boost)  
  44  5:47  Stargate x2  
  45  5:51  Probe (Chrono Boost)  
  46  6:03  Probe  
  47  6:04  Photon Cannon  
  47  6:15  Probe  
  48  6:21  Dark Templar  
  48  6:22  Dark Templar  
  52  6:27  Dark Templar  
  52  6:28  Dark Templar  
  50  7:12  Dark Templar x3  
  50  7:13  Dark Templar  
  56  7:18  Probe  
  57  7:28  Fleet Beacon  
  57  7:30  Probe  
  52  8:02  Dark Templar x2  
  52  8:04  Robotics Facility  
  56  8:09  Nexus  
  56  8:13  Pylon  
  56  8:15  Pylon  
  56  8:18  Pylon  
  56  8:19  Pylon  
  56  8:20  Tempest  
  56  8:22  Assimilator  
  56  8:26  Assimilator  
  61  8:32  Stalker  
  61  8:34  Zealot  
  65  8:43  Zealot x2  
  69  8:51  Tempest  
  69  8:55  Observer  
  75  9:14  Tempest  
  80  9:18  Stalker  
  80  9:20  Zealot  
  80  9:21  Zealot  
  80  9:22  Zealot  
  88  9:36  Observer  
  89  9:44  Zealot x4  
  97  9:58  Observer  
  98  10:07  Unknown  
  98  10:27  Dark Templar x4  
  106  10:39  Tempest  
  110  10:55  Nexus  
  90  10:59  Assimilator  
  90  11:03  Assimilator  
  84  11:06  Pylon x2  
  84  11:09  Pylon  
  84  11:11  Pylon  
  72  11:15  Probe (Chrono Boost)  
  73  11:21  Shield Battery  
  73  11:23  Shield Battery  
  73  11:24  Shield Battery, Probe (Chrono Boost)  
  74  11:29  Shield Battery, Probe (Chrono Boost)  
  74  11:32  Shield Battery  
  75  11:33  Shield Battery  
  75  11:38  Photon Cannon  
  75  11:39  Photon Cannon x2  
  75  11:41  Probe  
  75  11:44  Photon Cannon  
  75  11:45  Photon Cannon  
  76  11:47  Photon Cannon, Tempest  
  76  11:49  Photon Cannon  
  76  11:51  Photon Cannon  
  76  11:52  Photon Cannon  
  76  11:53  Probe  
  82  12:08  Probe (Chrono Boost)  
  84  12:09  Probe (Chrono Boost)  
  84  12:13  Tempest x2  
  94  12:18  Probe (Chrono Boost)  
  94  12:19  Protoss Shields Level 1 (Chrono Boost)  
  94  12:20  Probe (Chrono Boost)  
  96  12:23  Probe (Chrono Boost)  
  96  12:29  Protoss Air Weapons Level 1 (Chrono Boost)  
  97  12:32  Stargate  
  97  12:34  Probe  
  98  12:46  Probe  
  99  13:16  Tempest x2  
  99  13:17  Tempest x2  
  119  13:59  Tempest x2  
  129  14:26  Tempest x2  
  129  14:30  Protoss Air Weapons Level 2 (Chrono Boost), Protoss Shields Level 2 (Chrono Boost)  
  139  14:42  Tempest x2  
  149  15:08  Tempest  
  154  15:30  Pylon x2  
  154  15:32  Pylon  
  154  15:33  Pylon  
  154  15:47  Tempest x2  
  154  15:48  Tempest  
  169  15:51  Tempest  
Tags
 
Add a new tag
Caveats
  • Supply blocks, unpowered buildings, or Contaminate may cause inaccurate times.
  • Supply counts are checked every 10 seconds.